 Dungeon Crawl Stone Soup version 0.29.1-2-gbd0b4ee654 (console) character file.

Game seed: 6844059617469899437

384 om the Poker (level 6, 0/48 HPs)
             Began as a Merfolk Abyssal Knight on Nov 3, 2022.
             Was a Priest of Lugonu.
             Slain by a phantom (3 damage)
             ... on level 4 of the Dungeon.
             The game lasted 00:04:44 (3652 turns).

om the Poker (Merfolk Abyssal Knight)               Turns: 3652, Time: 00:04:45

Health: 0/48       AC:  6    Str: 16    XL:     6   Next: 77%
Magic:  8/8        EV: 13    Int:  9    God:    Lugonu [***...]
Gold:   138        SH:  0    Dex: 14    Spells: 5/5 levels left

rFire   . . .      SeeInvis .   a - +1 spear
rCold   + . .      Faith    .   (no shield)
rNeg    . . .      Spirit   .   u - +1 leather armour of the Miller {rC+ Will+}
rPois   .          Reflect  .   (no helmet)
rElec   .          Harm     .   c - +0 cloak
rCorr   .          Rampage  .   e - +0 pair of gloves
Will    +....                   (no boots)
Stlth   +.........              (no amulet)
HPRegen 0.16/turn               (no ring)
MPRegen 0.11/turn               (no ring)

@: no status effects
A: (nimble swimmer 2), mertail
a: Renounce Religion, Depart the Abyss, Bend Space, Banish


You were on level 4 of the Dungeon.
You worshipped Lugonu.
Lugonu was most pleased with you.
You visited 1 branch of the dungeon, and saw 4 of its levels.
You visited the Abyss 1 time.

You collected 138 gold pieces.

Inventory:

Hand Weapons
 a - a +1 spear (weapon)
Armour
 b - a +0 leather armour
 c - a +0 cloak (worn)
 e - a +0 pair of gloves (worn)
 p - a +0 ring mail
 u - the +1 leather armour of the Miller (worn) {rC+ Will+}
   (You found it on level 4 of the Dungeon)

   rC:        It protects you from cold.
   Will:      It increases your willpower.
Jewellery
 l - a ring of magical power
Scrolls
 j - a scroll of blinking {unknown}
 k - a scroll of teleportation {unknown}
 n - a scroll of torment {unknown}
 o - a scroll of enchant weapon {unknown}
 q - a scroll of magic mapping
Potions
 d - a potion of haste
 g - a potion of flight
 h - a potion of heal wounds {unknown}
 m - a potion of resistance {unknown}
 r - a potion of mutation {unknown}
 s - a potion of lignification {unknown}
 t - a potion of attraction {unknown}


   Skills:
 - Level 4.0 Fighting
 * Level 6.2 Polearms
 - Level 2.0 Armour
 - Level 4.0 Dodging
 + Level 3.8 Invocations


You had 5 spell levels left.
You didn't know any spells.
Your spell library was empty.

Dungeon Overview and Level Annotations

Branches:
Dungeon (4/15)
 Temple: D:4-7

Altars:
Okawaru

Shops:
D:1 =


Innate Abilities, Weirdness & Mutations

((You are very nimble when in or above water. (Stealth+, EV+, Speed+++)))
Your lower body shifts to a powerful aquatic tail in water.


Message History

You now have 138 gold pieces (gained 11).
Things that are here:
a +0 dagger; a +0 hand axe; a +3 chain mail You feel sick.
You start resting.
You feel sick. x3
You are no longer poisoned.
You start resting.
A phantom comes into view.
A phantom is nearby!
Found a dented bone amulet.
Found 16 gold pieces.
There is an open door here.
An iguana comes into view.
Found a worn lead wand and 12 gold pieces.
The iguana hisses angrily.
The iguana bites you.
* * * LOW HITPOINT WARNING * * *
A giant cockroach comes into view.
The iguana bites you.
* * * LOW HITPOINT WARNING * * *
As you read the scroll labelled BILUAC QAKKIA, it crumbles to dust.
Wisps of shadow whirl around you...
It was a scroll of summoning.
The iguana closely misses you. The phantom attacks as you move away!
The phantom barely misses you. The iguana closely misses you.
Your hound bites the iguana.
Your orc completely misses the phantom.
Your orc closely misses the iguana.
The iguana attacks as you move away! The iguana barely misses you.
Your hound bites the iguana.
The iguana barely misses your hound.
Your scorpion stings the iguana.
Your orc hits the iguana with a +0 dagger.
Your hound bites the iguana but does no damage.
You see here 12 gold pieces.
The phantom attacks as you move away!
The phantom hits you but does no damage.
The iguana barely misses your hound.
Your scorpion stings the iguana.
The iguana dies!
Lugonu accepts your kill.
You barely miss the phantom.
The phantom hits you but does no damage.
The giant cockroach barely misses you.
You swap places.
Your hound bites the phantom.
Your orc closely misses the phantom.
Your scorpion stings the giant cockroach.
The phantom hits you.
You die...

#...........
#..........##...###
...........#......###
..........##........#+#
..........#...........#
#........##..........#
###......#...........#
>.###...##....".....#
#.# ###.'......$/...#
#####.#####...†..o.#
####....# ###..h@B.#
...#....#######oWs##
.....#.....#..###.#
#....#).#.<.....#.#
........###........
....................
.....................
................#.....
.......<...........#.##
............#......
..........<.....#.#


You could see a phantom (ally target), a giant cockroach (ally target), a
friendly scorpion (summoned), a friendly hound (summoned) and 2 friendly orcs.

Vanquished Creatures
  Grinder (D:4)
  A scorpion (D:4)
  A hound (D:3)
  An adder (D:3)
  A worm (D:3)
  3 dart slugs
  8 orcs
  5 ball pythons
  2 bats (D:1)
  An endoplasm (D:2)
  3 giant cockroaches
  3 hobgoblins
  3 quokkas (D:1)
  5 frilled lizards
  4 goblins
  4 kobolds
  4 rats
50 creatures vanquished.

Vanquished Creatures (collateral kills)
  An iguana (D:4)
1 creature vanquished.

Grand Total: 51 creatures vanquished

Notes
Turn   | Place    | Note
-------+----------+-------------------------------------------
     0 | Abyss:1  | om the Merfolk Abyssal Knight began the quest for the Orb.
     0 | Abyss:1  | Reached XP level 1. HP: 18/18 MP: 2/2
     1 | D:1      | Escaped the Abyss
   255 | D:1      | Reached skill level 3 in Polearms
   261 | D:1      | Reached XP level 2. HP: 20/24 MP: 3/3
   707 | D:1      | Found Hitaz's Jewellery Emporium.
   727 | D:1      | Reached skill level 1 in Armour
   953 | D:1      | Reached XP level 3. HP: 24/29 MP: 4/4
  1031 | D:1      | Found an iron altar of Okawaru.
  1838 | D:2      | Found a faded altar of an unknown god.
  2134 | D:3      | Reached *** piety under Lugonu
  2216 | D:3      | Reached skill level 4 in Polearms
  2216 | D:3      | Reached XP level 4. HP: 9/37 MP: 5/5
  2943 | D:4      | Noticed Grinder
  3108 | D:4      | Identified the +1 leather armour of the Miller {rC+ Will+}
  3109 | D:4      | Paralysed by Grinder for 2 turns
  3117 | D:4      | Paralysed by Grinder for 4 turns
  3327 | D:4      | Paralysed by Grinder for 4 turns
  3337 | D:4      | Killed Grinder
  3338 | D:4      | Reached skill level 5 in Polearms
  3338 | D:4      | Reached XP level 5. HP: 10/42 MP: 7/7
  3338 | D:4      | Reached XP level 6. HP: 12/48 MP: 8/8
  3617 | D:4      | Reached skill level 6 in Polearms
  3645 | D:4      | HP: 2/48 [iguana (6)]
  3652 | D:4      | Slain by a phantom

Illustrated notes

Levels and vault maps discovered:
D:1:      sevenhm_arrival_forest_fort_small_6, layout_loops_ring, serial_shops,
          shop
D:2:      layout_loops_ring, ebering_ecumenical_altar_abandoned
D:3:      layout_basic, kennysheep_potato
D:4:      minmay_skewed_foursquare, layout_cave_pools, uniq_grinder

Skill      XL: |  1  2  3  4  5  6 |
---------------+-------------------+-----
Polearms       | 3 4 5 6 |  6.2
Dodging        | 3 4 |  4.0
Armour         | 1 2 |  2.0
Fighting       | 4 |  4.0
Invocations    | 3 |  3.8

Action                   |  1- 3 |  4- 6 || total
-------------------------+-------+-------++-------
Melee: Spear             |   129 |    94 ||   223
       Punch             |     2 |     1 ||     3
Invok: Bend Space        |     1 |       ||     1
  Use: Scroll            |     5 |     2 ||     7
       Potion            |       |     2 ||     2
 Stab: Sleeping          |     1 |       ||     1
Armor: Leather armour    |    22 |    11 ||    33
       Ring mail         |       |     9 ||     9
Dodge: Dodged            |    67 |    52 ||   119
